 Dungeon Sprint DCSS version 0.21.1-1-g345015f (webtiles) character file.

1100000 equalderp2856 the Ruinous (level 13, -10/55 HPs)
             Began as a Spriggan Conjurer on May 3, 2018.
             Mangled by a bag of meat
             ... wielding a +9 war axe
              (44 damage)
             ... in the Dungeon (Sprint VIII: "Arena of Blood").
             The game lasted 00:00:51 (11 turns).

equalderp2856 the Ruinous (Spriggan Conjurer)         Turns: 11, Time: 00:00:52

Health: -10/55     AC:  2    Str:  4    XL:     13   Next: 71%
Magic:  6/31       EV: 31    Int: 22    God:
Gold:   0          SH:  0    Dex: 16    Spells: 38/39 levels left

rFire    . . .     SeeInvis +   j - +∞ Axe of Woe
rCold    . . .     Gourm    .   (shield currently unavailable)
rNeg     . . .     Faith    .   a - +0 robe
rPois    .         Spirit   .   (helmet restricted)
rElec    .         Reflect  .   (no cloak)
rCorr    .         Harm     .   (gloves unavailable)
MR       ++...     NoTele   +   (boots unavailable)
Stlth    ++++++....             (no amulet)
HPRegen  0.18/turn              (no ring)
MPRegen  0.22/turn              (no ring)

@: very quick
A: very small, unfitting armour, see invisible, herbivore, speed 3, slow
metabolism 2
a: no special abilities


You were in the Dungeon.
You were not hungry.

You visited 1 branch

Inventory:

Hand Weapons
 j - the +∞ Axe of Woe (weapon)
   (You found it in the Dungeon)
Armour
 a - a +0 robe (worn)
Scrolls
 i - a scroll of blinking
Potions
 d - a potion of curing
 e - a potion of heal wounds
 f - a potion of haste
 g - 2 potions of magic
 h - a potion of berserk rage
Books
 b - a book of Conjurations

   Spells                             Type                      Level
   a - Magic Dart                     Conjuration                  1
   b - Searing Ray                    Conjuration                  2
   c - Dazzling Spray                 Conjuration/Hexes            3
   d - Fulminant Prism                Conjuration/Hexes            4
   e - Force Lance                    Conjuration/Translocation    4
   f - Iskenderun's Mystic Blast      Conjuration                  4
Comestibles
 c - a ration


   Skills:
 + Level 3.3 Axes
 + Level 15.2 Dodging
 + Level 14.5 Stealth
 + Level 13.8 Spellcasting
 + Level 23.1 Conjurations


You had 38 spell levels left.
You knew the following spells:

 Your Spells              Type           Power        Failure   Level  Hunger
a - Magic Dart            Conj           ####         0%          1    None


Dungeon Overview and Level Annotations

Branches:
Dungeon (1/1)

Altars:
Makhleb


Innate Abilities, Weirdness & Mutations

You are very small and have problems with some larger weapons.
You are too small for most types of armour.
You have supernaturally acute eyesight. (SInv)
You are a herbivore.
You cover ground extremely quickly.
You need consume almost no food.


Message History

You hear a shout! x5
The bag of meat moves out of view.
You hear a shout! x3
The bag of meat misses you.
You hear a shout! x3
You start memorising the spell.
You continue memorising.
You hear a shout! x6
The bag of meat misses you.
You continue memorising.
You hear a shout! x12
The meat berserker rages.
You continue memorising.
You hear a shout! x4
The bag of meat hits you with a +9 war axe!!
Your memorisation is interrupted.
You hear a shout! x4
The bag of meat closely misses you.
The bag of meat hits you with a +9 war axe!!!
Ouch! That really hurt!
You die...

#. ...# #.. ...#
.... .###..
...###....
......###.........
......_..........
#.....#......O
#_.<._#.......
.#.....#O.....#
......_..@oo.....
......###.oo......
.###.. ....###....
#.......# ...
#.......# .
.........
.........
.........


You could see 2 meat berserkers and 4 bags of meat.

Vanquished Creatures
  An ogre (D)
  An orc (D)
2 creatures vanquished.

Notes
Turn   | Place    | Note
-------+----------+-------------------------------------------
     0 | D        | Found the +∞ Axe of Woe
     0 | D        | equalderp2856 the Spriggan Conjurer began the quest for the Orb.
     0 | D        | Reached XP level 1. HP: 9/9 MP: 5/5
     3 | D        | Noticed a bag of meat
     4 | D        | Noticed a meat berserker
     6 | D        | Noticed a bag of meat
     6 | D        | Killed a bag of meat
     6 | D        | Reached skill level 19 in Conjurations
     6 | D        | Reached XP level 2. HP: 13/13 MP: 5/15
     6 | D        | Reached XP level 3. HP: 16/16 MP: 5/16
     6 | D        | Reached XP level 4. HP: 21/21 MP: 5/18
     6 | D        | Reached XP level 5. HP: 24/24 MP: 5/19
     6 | D        | Reached XP level 6. HP: 28/28 MP: 5/21
     6 | D        | Reached XP level 7. HP: 32/32 MP: 5/22
     6 | D        | Reached XP level 8. HP: 36/36 MP: 5/24
     6 | D        | Reached XP level 9. HP: 39/39 MP: 5/25
     6 | D        | Reached XP level 10. HP: 44/44 MP: 5/26
     6 | D        | Reached XP level 11. HP: 47/47 MP: 5/27
     7 | D        | Noticed a bag of meat
     7 | D        | Killed a meat berserker
     7 | D        | Reached skill level 15 in Dodging
     7 | D        | Reached skill level 23 in Conjurations
     7 | D        | Reached XP level 12. HP: 51/51 MP: 5/30
     7 | D        | Reached XP level 13. HP: 55/55 MP: 5/31
     8 | D        | Noticed a bag of meat
     8 | D        | Noticed a bag of meat
     8 | D        | Noticed a bag of meat
    10 | D        | Noticed a meat berserker
    11 | D        | Mangled by a bag of meat

Skill      XL: |  1  2  3  4  5  6  7  8  9 10 11 |
---------------+----------------------------------+-----
Dodging        | 12 15 | 15.2
Stealth        | 11 14 | 14.5
Spellcasting   | 11 13 | 13.8
Conjurations   | 19 23 | 23.1
Axes           | 3 |  3.3

Action                   |  1- 3 |  4- 6 |  7- 9 | 10-12 | 13-15 || total
-------------------------+-------+-------+-------+-------+-------++-------
Melee: Broad axe         |     1 |       |       |     1 |       ||     2
Dodge: Dodged            |       |       |       |       |     3 ||     3
